 Dungeon Sprint DCSS version 0.25-a0-464-g3004169c2b (webtiles) character file.

Game seed: 7157330036984018159, levelgen mode: deterministic

10964 ICC the Thrower (level 11, -8/93 HPs)
             Began as a Gnoll Hunter on Feb 5, 2020.
             Was a High Priest of Okawaru.
             Mangled by an iron troll (29 damage)
             ... in the Dungeon (Sprint IX: "|||||||||||||||||||||||||||||").
             The game lasted 00:15:41 (826 turns).

ICC the Thrower (Gnoll Hunter)                       Turns: 826, Time: 00:15:41

Health: -8/93      AC: 11    Str: 19    XL:     11   Next: 70%
Magic:  25/25      EV: 23    Int: 13    God:    Okawaru [*****.]
Gold:   1667       SH:  0    Dex: 18    Spells: 31/31 levels left

rFire    . . .     SeeInvis .   r - +4 quarterstaff (speed)
rCold    . . .     Gourm    .   (shield currently unavailable)
rNeg     . . .     Faith    .   G - +0 troll leather armour
rPois    .         Spirit   .   u - +0 helmet
rElec    .         Reflect  .   t - +0 cloak
rCorr    .         Harm     .   D - +0 pair of gloves
MR       .....     NoTele   +   C - +0 pair of boots
Stlth    +++++.....             (no amulet)
HPRegen  0.65/turn              w - +2 ring of evasion
MPRegen  0.19/turn              b - +3 ring of strength

@: slowed, very slow
A: distributed training, fangs 1, strong nose
a: Heroism, Finesse, Renounce Religion


You were in the Dungeon.
You worshipped Okawaru.
Okawaru was extremely pleased with you.
You were not hungry.

You visited 1 branch You collected 1667 gold pieces.

Inventory:

Hand Weapons
 q - the +1 broad axe of the Whale {vorpal, Str+2}
   (You found it in the Dungeon)

   It inflicts extra damage upon your enemies.
   It affects your strength (+2).
 r - a +4 quarterstaff of speed (weapon)
 s - a +2 scimitar of holy wrath
 E - a +5 longbow of freezing
Missiles
 c - 2 javelins (quivered)
 d - a throwing net
 B - 41 bolts
 F - 5 boomerangs
Armour
 a - a +0 plate armour
 t - a +0 cloak (worn)
 u - a +0 helmet (worn)
 v - a +1 scale mail
 C - a +0 pair of boots (worn)
 D - a +0 pair of gloves (worn)
 G - a +0 troll leather armour (worn)
Magical Staves
 p - an uncursed staff of energy
Jewellery
 b - a +3 ring of strength (right hand)
 w - a +2 ring of evasion (left hand)
Wands
 o - a wand of iceblast (10)
Scrolls
 k - 3 scrolls of blinking
 m - 4 scrolls of remove curse
 n - 2 scrolls of amnesia
 y - 4 scrolls of enchant armour
 A - a scroll of fog
Potions
 e - 6 potions of curing
 g - 5 potions of heal wounds
 h - a potion of haste
 i - 4 potions of magic
 j - 2 potions of berserk rage
 l - a potion of invisibility
 x - a potion of mutation
 z - a potion of agility
Comestibles
 f - 11 rations


   Skills:
 + Level 11.3 Fighting
 + Level 10.5 Short Blades
 + Level 10.5 Long Blades
 + Level 10.5 Axes
 + Level 10.5 Maces & Flails
 + Level 10.5 Polearms
 + Level 10.5 Staves
 + Level 10.5 Slings
 + Level 10.5 Bows
 + Level 10.5 Crossbows
 + Level 13.0 Throwing
 + Level 10.5 Armour
 + Level 11.3 Dodging
 + Level 10.7 Stealth
 + Level 10.5 Shields
 + Level 10.5 Unarmed Combat
 + Level 10.5 Spellcasting
 + Level 8.9 Conjurations
 + Level 8.9 Hexes
 + Level 8.9 Charms
 + Level 8.9 Summonings
 + Level 8.9 Necromancy
 + Level 8.9 Translocations
 + Level 8.9 Transmutations
 + Level 8.9 Fire Magic
 + Level 8.9 Ice Magic
 + Level 8.9 Air Magic
 + Level 8.9 Earth Magic
 + Level 8.9 Poison Magic
 + Level 11.3 Invocations
 + Level 10.5 Evocations


You had 31 spell levels left.
You didn't know any spells.
Your spell library contained the following spells:

 Spells                   Type           Power        Failure   Level  Hunger
 Corpse Rot               Necr/Air       N/A          1%          2    None
 Stone Arrow              Conj/Erth      ####..       1%          3    #......
 Summon Forest            Summ/Tloc      ####......   9%          5    #####..
 Eringya's Noxious Bog    Tmut/Pois      ####......   43%         6    ######.
 Hydra Form               Tmut           ####......   43%         6    ######.
 Summon Hydra             Summ           ####......   95%         7    #######


Dungeon Overview and Level Annotations

Branches:
Dungeon (1/1)

Altars:
Cheibriados
Dithmenos
Elyvilon
Fedhas
Gozag
Hepliaklqana
Kikubaaqudgha
Makhleb
Nemelex Xobeh
Okawaru
Qazlal
Ru
Sif Muna
Trog
Uskayaw
Vehumet
Wu Jian
Xom
Yredelemnul
Zin
The Shining One
Beogh
Jiyva
Lugonu

Shops:
D ([[(


Innate Abilities, Weirdness & Mutations

Your experience applies equally to all skills.
You have very sharp teeth.
Your uncanny sense of smell can sniff out nearby items.


Message History

The iron troll claws you but does no damage.
Throwing (i - inventory. (/) - cycle)
c - 3 javelins (quivered)
Press: ? - help, Shift-Dir - straight line, f/p - iron troll
Aim: an iron troll (severely wounded)
You throw a javelin. The deep troll shouts!
The javelin pierces through the iron troll.
The iron troll is severely wounded.
The javelin pierces through the iron troll.
The iron troll is severely wounded.
The javelin closely misses the troll.
The javelin pierces through the ogre mage!!
The ogre mage is heavily wounded.
The javelin pierces through the deep troll!
The deep troll is lightly wounded.
The ogre mage mumbles some strange words.
The ogre mage flickers and vanishes!
Deactivating autopickup; reactivate with Ctrl-A.
The iron troll bites you!!
You die...

∆ ∆∆∆∆ ∆∆∆∆
▓▓▓▓▓▓▓▓▓▓▓▓▓▓▓▓▓▓▓▓▓▓▓▓
).)......'[.)..∩@TTT{T((∆∆∆
▓▓▓▓▓▓▓▓▓▓▓▓▓▓▓▓▓▓▓▓▓▓▓▓▓▓▓▓▓▓▓▓▓
.................................
▓▓▓▓▓▓▓▓▓▓▓▓▓▓▓▓▓▓▓▓▓▓▓▓▓▓▓▓▓▓▓▓▓
†.........†.††..†..(.[['....[[..'
▓▓▓▓▓▓▓▓▓▓▓▓▓▓▓▓▓▓▓▓▓▓▓▓▓▓▓▓▓▓▓▓▓
.................................
▓▓▓▓▓▓▓▓▓▓▓▓▓▓▓▓▓▓▓▓▓▓▓▓▓▓▓▓▓▓▓▓▓
__________'...)..[..†.)†..)).)...


You could see 2 iron trolls, a deep troll and a troll.

Vanquished Creatures
  2 ogre magi (D)
  A two-headed ogre (D)
  A deep troll (D)
  3 orc knights (D)
  An elephant (D)
  A spiny frog (D)
  4 komodo dragons (D)
  6 polar bears (D)
  5 trolls (D)
  A blink frog (D)
  A hippogriff (D)
  A yak (D)
  A wyvern (D)
  A wraith (D)
  2 water moccasins (D)
  A sky beast (D)
  2 black bears (D)
  10 orc warriors (D)
  A wolf (D)
  3 crocodiles (D)
  3 bullfrogs (D)
  A killer bee (D)
  4 orc priests (D)
  3 orc wizards (D)
  2 worker ants (D)
  2 adders (D)
  A shadow imp (D)
  An ooze (D)
  An adder skeleton (D)
  A leopard gecko (D)
  7 orcs (D)
  A bat zombie (D)
  A giant cockroach (D)
  A goblin (D)
  A hobgoblin (D)
  2 bats (D)
  A giant cockroach zombie (D)
81 creatures vanquished.

Notes
Turn   | Place    | Note
-------+----------+-------------------------------------------
     0 | D        | ICC the Gnoll Hunter began the quest for the Orb.
     0 | D        | Reached XP level 1. HP: 20/20 MP: 1/1
     5 | D        | Reached skill level 1 in Invocations
     8 | D        | Reached skill level 1 in Short Blades
     8 | D        | Reached skill level 1 in Long Blades
     8 | D        | Reached skill level 1 in Axes
     8 | D        | Reached skill level 1 in Maces & Flails
     8 | D        | Reached skill level 1 in Polearms
     8 | D        | Reached skill level 1 in Staves
     8 | D        | Reached skill level 1 in Slings
     8 | D        | Reached skill level 1 in Bows
     8 | D        | Reached skill level 1 in Crossbows
     8 | D        | Reached skill level 1 in Armour
     8 | D        | Reached skill level 1 in Shields
     8 | D        | Reached skill level 1 in Unarmed Combat
     8 | D        | Reached skill level 1 in Spellcasting
     8 | D        | Reached skill level 1 in Evocations
    18 | D        | Noticed a worker ant
    19 | D        | Reached XP level 2. HP: 22/26 MP: 3/3
    20 | D        | Reached skill level 1 in Conjurations
    20 | D        | Reached skill level 1 in Hexes
    20 | D        | Reached skill level 1 in Charms
    20 | D        | Reached skill level 1 in Summonings
    20 | D        | Reached skill level 1 in Necromancy
    20 | D        | Reached skill level 1 in Translocations
    20 | D        | Reached skill level 1 in Transmutations
    20 | D        | Reached skill level 1 in Fire Magic
    20 | D        | Reached skill level 1 in Ice Magic
    20 | D        | Reached skill level 1 in Air Magic
    20 | D        | Reached skill level 1 in Earth Magic
    20 | D        | Reached skill level 1 in Poison Magic
    20 | D        | Reached XP level 3. HP: 27/32 MP: 3/5
    21 | D        | Reached skill level 5 in Fighting
    21 | D        | Reached skill level 5 in Dodging
    30 | D        | Found a roughly hewn altar of Beogh.
    30 | D        | Found a snail-covered altar of Cheibriados.
    30 | D        | Found a shadowy altar of Dithmenos.
    30 | D        | Found a white marble altar of Elyvilon.
    30 | D        | Found a blossoming altar of Fedhas.
    30 | D        | Found an opulent altar of Gozag.
    31 | D        | Found a hazy altar of Hepliaklqana.
    32 | D        | Found a viscous altar of Jiyva.
    33 | D        | Found an ancient bone altar of Kikubaaqudgha.
    34 | D        | Found a corrupted altar of Lugonu.
    35 | D        | Found a burning altar of Makhleb.
    36 | D        | Found a sparkling altar of Nemelex Xobeh.
    37 | D        | Found an iron altar of Okawaru.
    38 | D        | Found a stormy altar of Qazlal.
    39 | D        | Found a sacrificial altar of Ru.
    40 | D        | Found a shimmering blue altar of Sif Muna.
    41 | D        | Found a bloodstained altar of Trog.
    42 | D        | Found a hide-covered altar of Uskayaw.
    43 | D        | Found a radiant altar of Vehumet.
    44 | D        | Found an ornate altar of the Wu Jian Council.
    45 | D        | Became a worshipper of Warmaster Okawaru
    46 | D        | Found a shimmering altar of Xom.
    47 | D        | Found a basalt altar of Yredelemnul.
    48 | D        | Found a glowing silver altar of Zin.
    49 | D        | Found a glowing golden altar of the Shining One.
    67 | D        | Got the +1 broad axe of the Whale {vorpal, Str+2}
    99 | D        | Noticed a killer bee
   102 | D        | Reached XP level 4. HP: 36/39 MP: 7/7
   103 | D        | Reached skill level 9 in Throwing
   112 | D        | Reached XP level 5. HP: 44/46 MP: 7/9
   122 | D        | Noticed a sky beast
   122 | D        | Noticed a two-headed ogre
   122 | D        | Noticed an orc warrior
   122 | D        | Noticed a wraith
   122 | D        | Noticed a wyvern
   124 | D        | Killed an orc warrior
   124 | D        | Reached XP level 6. HP: 52/52 MP: 9/12
   125 | D        | Killed a wyvern
   125 | D        | Reached * piety under Okawaru
   125 | D        | Reached skill level 5 in Stealth
   125 | D        | Reached skill level 5 in Invocations
   128 | D        | Killed a wraith
   128 | D        | Reached skill level 5 in Short Blades
   128 | D        | Reached skill level 5 in Long Blades
   128 | D        | Reached skill level 5 in Axes
   128 | D        | Reached skill level 5 in Maces & Flails
   128 | D        | Reached skill level 5 in Polearms
   128 | D        | Reached skill level 5 in Staves
   128 | D        | Reached skill level 5 in Slings
   128 | D        | Reached skill level 5 in Bows
   128 | D        | Reached skill level 5 in Crossbows
   128 | D        | Reached skill level 10 in Throwing
   128 | D        | Reached skill level 5 in Armour
   128 | D        | Reached skill level 5 in Shields
   128 | D        | Reached skill level 5 in Unarmed Combat
   128 | D        | Reached skill level 5 in Spellcasting
   128 | D        | Reached skill level 5 in Evocations
   128 | D        | Reached XP level 7. HP: 60/60 MP: 9/14
   129 | D        | Reached ** piety under Okawaru
   132 | D        | Killed a two-headed ogre
   132 | D        | Reached *** piety under Okawaru
   132 | D        | Reached skill level 5 in Conjurations
   132 | D        | Reached skill level 5 in Hexes
   132 | D        | Reached skill level 5 in Charms
   132 | D        | Reached skill level 5 in Summonings
   132 | D        | Reached skill level 5 in Necromancy
   132 | D        | Reached skill level 5 in Translocations
   132 | D        | Reached skill level 5 in Transmutations
   132 | D        | Reached skill level 5 in Fire Magic
   132 | D        | Reached skill level 5 in Ice Magic
   132 | D        | Reached skill level 5 in Air Magic
   132 | D        | Reached skill level 5 in Earth Magic
   132 | D        | Reached skill level 5 in Poison Magic
   132 | D        | Reached XP level 8. HP: 59/68 MP: 9/17
   249 | D        | Noticed a yak
   249 | D        | Noticed a komodo dragon
   249 | D        | Noticed a spiny frog
   251 | D        | Noticed a komodo dragon
   252 | D        | Killed a spiny frog
   252 | D        | Reached XP level 9. HP: 72/75 MP: 17/19
   252 | D        | Noticed a komodo dragon
   253 | D        | Killed a komodo dragon
   253 | D        | Reached **** piety under Okawaru
   253 | D        | Reached skill level 11 in Throwing
   266 | D        | Killed a komodo dragon
   274 | D        | Killed a komodo dragon
   447 | D        | Noticed an elephant
   447 | D        | Noticed a komodo dragon
   452 | D        | Killed an elephant
   452 | D        | Received a gift from Okawaru
   452 | D        | Reached XP level 10. HP: 78/83 MP: 20/22
   476 | D        | Reached ***** piety under Okawaru
   492 | D        | Received a gift from Okawaru
   492 | D        | Reached skill level 10 in Fighting
   492 | D        | Reached skill level 12 in Throwing
   492 | D        | Reached skill level 10 in Dodging
   628 | D        | Reached skill level 10 in Invocations
   634 | D        | Received a gift from Okawaru
   675 | D        | Noticed an orc knight
   675 | D        | Noticed an orc knight
   686 | D        | Killed an orc knight
   686 | D        | Reached XP level 11. HP: 66/92 MP: 22/24
   692 | D        | Killed an orc knight
   701 | D        | Reached skill level 10 in Stealth
   712 | D        | Noticed an orc knight
   747 | D        | Killed an orc knight
   770 | D        | Found Xadwaish's Weapon Emporium.
   770 | D        | Noticed a deep troll
   773 | D        | Noticed an ogre mage
   774 | D        | Reached skill level 10 in Short Blades
   774 | D        | Reached skill level 10 in Long Blades
   774 | D        | Reached skill level 10 in Axes
   774 | D        | Reached skill level 10 in Maces & Flails
   774 | D        | Reached skill level 10 in Polearms
   774 | D        | Reached skill level 10 in Staves
   774 | D        | Reached skill level 10 in Slings
   774 | D        | Reached skill level 10 in Bows
   774 | D        | Reached skill level 10 in Crossbows
   774 | D        | Reached skill level 10 in Armour
   774 | D        | Reached skill level 10 in Shields
   774 | D        | Reached skill level 10 in Unarmed Combat
   774 | D        | Reached skill level 10 in Spellcasting
   774 | D        | Reached skill level 10 in Evocations
   779 | D        | Noticed an ogre mage
   780 | D        | Killed a deep troll
   781 | D        | Killed an ogre mage
   783 | D        | Found Ipu Riwaggy's Armour Shoppe.
   790 | D        | Killed an ogre mage
   790 | D        | Received a gift from Okawaru
   790 | D        | Reached skill level 13 in Throwing
   806 | D        | Found Ynlatuhiz's Armour Emporium.
   810 | D        | Found Rustarr's Antique Weapon Shoppe.
   812 | D        | Noticed an iron troll
   814 | D        | Noticed an iron troll
   819 | D        | Noticed an ogre mage
   825 | D        | Noticed a deep troll
   826 | D        | Mangled by an iron troll

Levels and vault maps discovered:
D:        linesprint [early_d, line_temple, items_1, d_10, items_2, lair_1,
          lair_end, items_3, orc_1, orc_end, items_4, d_15, swamp_1, shoals_1,
          snake_1, spider_1, d_20, vaults_1, items_5, swamp_end, shoals_end,
          snake_end, spider_end, vaults_end, d_27, items_6, zot_1, zot_end,
          crypt_end, forest_end, elf_end, slime_end, tomb_end, abyss_end,
          pan_hell_end]

Skill      XL: |  1  2  3  4  5  6  7  8  9 10 11 |
---------------+----------------------------------+-----
Invocations    | 1 2 3 4 5 7 8 10 11 | 11.3
Short Blades   | 1 2 3 4 5 6 7 8 9 10 | 10.5
Long Blades    | 1 2 3 4 5 6 7 8 9 10 | 10.5
Axes           | 1 2 3 4 5 6 7 8 9 10 | 10.5
Maces & Flails | 1 2 3 4 5 6 7 8 9 10 | 10.5
Polearms       | 1 2 3 4 5 6 7 8 9 10 | 10.5
Staves         | 1 2 3 4 5 6 7 8 9 10 | 10.5
Slings         | 1 2 3 4 5 6 7 8 9 10 | 10.5
Bows           | 1 2 3 4 5 6 7 8 9 10 | 10.5
Crossbows      | 1 2 3 4 5 6 7 8 9 10 | 10.5
Armour         | 1 2 3 4 5 6 7 8 9 10 | 10.5
Shields        | 1 2 3 4 5 6 7 8 9 10 | 10.5
Unarmed Combat | 1 2 3 4 5 6 7 8 9 10 | 10.5
Spellcasting   | 1 2 3 4 5 6 7 8 9 10 | 10.5
Evocations     | 1 2 3 4 5 6 7 8 9 10 | 10.5
Stealth        | 3 4 5 6 7 8 9 10 | 10.7
Conjurations   | 1 2 3 4 5 6 7 8 |  8.9
Hexes          | 1 2 3 4 5 6 7 8 |  8.9
Charms         | 1 2 3 4 5 6 7 8 |  8.9
Summonings     | 1 2 3 4 5 6 7 8 |  8.9
Necromancy     | 1 2 3 4 5 6 7 8 |  8.9
Translocations | 1 2 3 4 5 6 7 8 |  8.9
Transmutations | 1 2 3 4 5 6 7 8 |  8.9
Fire Magic     | 1 2 3 4 5 6 7 8 |  8.9
Ice Magic      | 1 2 3 4 5 6 7 8 |  8.9
Air Magic      | 1 2 3 4 5 6 7 8 |  8.9
Earth Magic    | 1 2 3 4 5 6 7 8 |  8.9
Poison Magic   | 1 2 3 4 5 6 7 8 |  8.9
Fighting       | 5 6 7 8 9 10 11 | 11.3
Dodging        | 5 6 7 8 9 10 11 | 11.3
Throwing       | 9 10 11 12 13 | 13.0

Action                   |  1- 3 |  4- 6 |  7- 9 | 10-12 || total
-------------------------+-------+-------+-------+-------++-------
Melee: Short sword       |     3 |       |       |       ||     3
       Punch             |     1 |       |       |       ||     1
       Quarterstaff      |       |     9 |    24 |    93 ||   126
       Bite              |       |       |     3 |    14 ||    17
Throw: Javelin           |     8 |     7 |     9 |    43 ||    67
       Throwing net      |       |       |       |     1 ||     1
       Boomerang         |       |       |       |     3 ||     3
Invok: Heroism           |       |       |       |     3 ||     3
Armor: Scale mail        |       |     2 |     2 |    15 ||    19
       Troll leather arm |       |       |       |     2 ||     2
Dodge: Dodged            |     3 |    15 |    15 |    44 ||    77

Table legend:
 A = Non-vault XP
 B = Vault XP
 C = Vault XP percentage of total XP
 D = Non-vault monster count
 E = Vault monster count
 F = Vault count percentage of total count
                 A         B        C        D         E       F
            +---------+---------+-------+---------+---------+-------
      Total |       0 |   15663 | 100.0 |       0 |      81 | 100.0
            +---------+---------+-------+---------+---------+-------
          D |       0 |   15663 | 100.0 |       0 |      81 | 100.0
            +---------+---------+-------+---------+---------+-------
